 Dungeon Crawl Stone Soup version 0.21-a0-125-gb006224 (webtiles) character file.

6015 MarshmallowMan the Martial Artist (level 10, -9/64 HPs)
             Began as an Octopode Transmuter on July 14, 2017.
             Was an Initiate of Gozag.
             Mangled by an eight-headed hydra (14 damage)
             ... on level 8 of the Dungeon.
             The game lasted 00:37:43 (12882 turns).

MarshmallowMan the Martial Artist (OpTm)           Turns: 12882, Time: 00:37:44

Health: -9/64      AC:  2    Str: 10    XL:     10   Next: 86%
Magic:  20/20      EV: 37    Int: 18    God:    Gozag
Gold:   606        SH:  0    Dex: 18    Spells: 11/22 levels left

rFire    + . .     SeeInvis .     - Unarmed
rCold    . . .     Gourm    +   (shield currently unavailable)
rNeg     . . .     Faith    .   (helmet currently unavailable)
rPois    .         Spirit   .   e - amulet of the gourmand
rElec    .         Reflect  .   p - ring of poison resistance
rCorr    .         Harm     .   r - ring of protection from fire
MR       .....                  l - +4 ring of evasion
Stlth    ++........             D - ring of Phasing {EV+8}
HPRegen  0.20/turn              (no ring)
MPRegen  0.17/turn              (no ring)
                                (no ring)
                                (no ring)

@: spider-form
A: almost no armour, stealthy swim, (amphibious), 8 rings, (constrict 8)
a: End Transformation, Potion Petition, Call Merchant, Bribe Branch, Renounce
Religion


You were on level 8 of the Dungeon.
You worshipped Gozag.
Gozag was pleased with you.
You were not hungry.
You were a venomous arachnid creature.
You visited 2 branches of the dungeon, and saw 11 of its levels.

You collected 713 gold pieces.
You paid 107 gold pieces to Gozag.

Inventory:

Hand Weapons
 w - a +0 whip of electrocution
 H - a +0 halberd of venom
Missiles
 a - 132 arrows
 m - 157 stones (quivered)
 E - 22 poisoned needles
Jewellery
 e - an amulet of the gourmand (around neck)
 l - a +4 ring of evasion (on tentacle)
 p - a ring of poison resistance (left front leg)
 r - a ring of protection from fire (right front leg)
 D - the ring of Phasing (on tentacle) {EV+8}
   (You took it off a centaur on level 7 of the Dungeon)

   [ring of evasion]

   It affects your evasion (+8).
 G - a cursed +2 ring of strength {unknown}
Wands
 d - a wand of iceblast (0/15)
 i - a wand of lightning (9/15)
 s - a wand of flame (19/48)
 L - a wand of lightning (11/15)
 M - a wand of iceblast (8/15)
 O - a wand of clouds (5/9)
Scrolls
 f - 2 scrolls of teleportation
 n - a scroll of recharging
 o - 3 scrolls of random uselessness
 u - 2 scrolls of enchant armour
 v - 2 scrolls of enchant weapon
 y - 4 scrolls of remove curse
 B - a scroll of fog {unknown}
 I - a scroll of noise {unknown}
 K - 3 scrolls of acquirement {unknown}
 N - a scroll of fear {unknown}
Potions
 g - a potion of resistance
 h - 3 potions of lignification
 j - a potion of degeneration
 q - 2 potions of flight
 t - 2 potions of curing
 A - a potion of ambrosia
 F - a potion of magic {unknown}
 J - a potion of berserk rage {unknown}
Books
 b - a book of Changes

   Spells                             Type                      Level
   a - Beastly Appendage              Transmutation                1
   b - Sticks to Snakes               Transmutation                2
   c - Spider Form                    Transmutation/Poison         3
   d - Ice Form                       Ice/Transmutation            4
   e - Blade Hands                    Transmutation                5
 x - a book of Cantrips

   Spells                             Type                      Level
   a - Confusing Touch                Hexes                        1
   b - Animate Skeleton               Necromancy                   1
   c - Summon Small Mammal            Summoning                    1
   d - Apportation                    Translocation                1
 C - a book of Callings

   Spells                             Type                      Level
   a - Summon Small Mammal            Summoning                    1
   b - Call Imp                       Summoning                    2
   c - Call Canine Familiar           Summoning                    3
   d - Summon Guardian Golem          Hexes/Summoning              3
   e - Summon Lightning Spire         Summoning/Air                4
   f - Summon Ice Beast               Ice/Summoning                4
Comestibles
 c - 12 bread rations
 k - 7 fruits
 z - 2 meat rations


   Skills:
 + Level 4.2 Fighting
 - Level 6.5 Dodging
 - Level 8.0 Unarmed Combat
 + Level 6.9 Spellcasting
 - Level 7.5 Transmutations
 - Level 7.5 Poison Magic


You had 11 spell levels left.
You knew the following spells:

 Your Spells              Type           Power        Failure   Level  Hunger
a - Beastly Appendage     Tmut           ####..       3%          1    None
b - Sticks to Snakes      Tmut           ####....     4%          2    None
c - Spider Form           Tmut/Pois      ####......   7%          3    ##.....
d - Blade Hands           Tmut           ####......   32%         5    #####..


Dungeon Overview and Level Annotations

Branches:
Dungeon (10/15)            Temple (1/1) D:7
   Lair: D:8-11         Orc: D:9-12

Altars:
Cheibriados
Dithmenos
Elyvilon
Fedhas
Gozag
Kikubaaqudgha
Makhleb
Nemelex Xobeh
Okawaru
Qazlal
Ru
Sif Muna
Trog
Uskayaw
Vehumet
Wu Jian
Yredelemnul
Zin
The Shining One

Annotations:
D:9 1 runed door


Innate Abilities, Weirdness & Mutations

You cannot wear most types of armour.
You are very stealthy in the water. (Stealth+)
((You are amphibious.))
You can wear up to eight rings at the same time.
((You can use your tentacles to constrict eight enemies at once.))
((Your skin changes colour to match your surroundings (Stealth+).))
((Your rubbery body absorbs attacks. (AC +1, EV +1)))


Message History

Done exploring.
Done exploring.
(D) Dungeon (T) Temple
Where to? (Enter - D:9 @ (x,y), ? - help)
What level of the Dungeon? (default 1, ? - help)
You climb downwards.
The eight-headed hydra misses you.
The eight-headed hydra completely misses you. x2
The eight-headed hydra bites you!
The eight-headed hydra completely misses you. x2
The eight-headed hydra bites you! x2
The eight-headed hydra barely misses you.
The eight-headed hydra completely misses you.
The eight-headed hydra bites you!
* * * LOW HITPOINT WARNING * * *
The eight-headed hydra completely misses you.
The eight-headed hydra misses you.
The eight-headed hydra completely misses you. x2
The eight-headed hydra bites you!
You die...
Your body crumbles into a pile of gold.

#...### #..# ##... ......###
#..## ##...# ........### #...##
####..... ..........####
##...>####........
.............###.................
#.......................####.....
##....................### #.....
#...............D....## #...##
#...............s...## ##..##
.....#####.........## #..#.
....## ####......# #.... .>.##
#.....##### #.... ...#
#.........#######.... ..##
#.................... ..#
#.................... .##
##.........#######.... .#
#......##### #..##


You could see an eight-headed hydra.

Vanquished Creatures
  2 two-headed ogres (D:8)
  A deep elf mage (D:7)
  The ghost of p0werm0de the Fighter, a novice DsCK of Xom (D:7)
  A hippogriff (D:8)
  Sigmund (D:5)
  A spriggan (D:7)
  2 steam dragons (D:6)
  Menkaure (D:5)
  A sky beast (D:5)
  A black bear (D:8)
  An ice beast (D:5)
  3 centaurs
  A phantom (D:6)
  An ogre (D:4)
  A big kobold (D:5)
  Blork the orc (D:6)
  3 bullfrogs
  A gnoll sergeant (D:6)
  A water moccasin zombie (D:7)
  A scorpion (D:5)
  8 killer bees
  6 howler monkeys
  4 crimson imps
  2 centaur zombies (D:6)
  A gnoll shaman (D:5)
  2 jellies (D:6)
  7 orc wizards
  An orc priest (D:4)
  5 hounds
  2 bullfrog skeletons
  An iguana (D:4)
  6 worker ants
  2 hound skeletons (D:5)
  A worker ant zombie (D:7)
  18 gnolls
  11 adders
  4 shadow imps
  7 worms
  3 dart slugs
  5 leopard geckos
  21 orcs
  6 giant cockroaches
  9 goblins
  10 hobgoblins
  8 jackals
  10 kobolds
  4 quokkas
  6 bats
  7 frilled lizards
  7 rats
210 creatures vanquished.

Vanquished Creatures (collateral kills)
  3 orcs
  A hobgoblin (D:3)
  A rat (D:3)
5 creatures vanquished.

Vanquished Creatures (others)
  A hound (D:6)
  5 bushes (D:6)
6 creatures vanquished.

Grand Total: 221 creatures vanquished

Notes
Turn   | Place    | Note
-------+----------+-------------------------------------------
     0 | D:1      | MarshmallowMan the Octopode Transmuter began the quest for the Orb.
     0 | D:1      | Reached XP level 1. HP: 13/13 MP: 3/3
   146 | D:1      | Reached XP level 2. HP: 14/18 MP: 5/5
   883 | D:1      | Reached XP level 3. HP: 23/23 MP: 4/6
  1004 | D:1      | Reached skill level 4 in Unarmed Combat
  1556 | D:2      | Reached XP level 4. HP: 23/28 MP: 5/7
  1634 | D:2      | Found a glowing silver altar of Zin.
  1635 | D:2      | Found an opulent altar of Gozag.
  2008 | D:2      | Learned a level 2 spell: Sticks to Snakes
  2012 | D:2      | Learned a level 3 spell: Spider Form
  2181 | D:2      | Found a sparkling altar of Nemelex Xobeh.
  2877 | D:3      | Reached XP level 5. HP: 25/33 MP: 6/8
  3651 | D:4      | Noticed an ogre
  3653 | D:4      | Reached skill level 5 in Unarmed Combat
  3674 | D:5      | Entered Level 5 of the Dungeon
  4067 | D:4      | Reached XP level 6. HP: 35/38 MP: 5/9
  4069 | D:4      | Reached skill level 1 in Poison Magic
  4387 | D:4      | Reached XP level 7. HP: 24/43 MP: 6/10
  4953 | D:5      | Noticed Menkaure
  5438 | D:6      | Reached skill level 5 in Transmutations
  5519 | D:6      | Noticed Blork the orc
  5543 | D:6      | Killed Blork the orc
  6178 | D:6      | Reached XP level 8. HP: 48/48 MP: 7/11
  6234 | D:6      | Reached skill level 5 in Poison Magic
  6736 | D:6      | Reached skill level 5 in Dodging
  7868 | D:6      | Reached XP level 9. HP: 49/53 MP: 8/12
  8312 | D:7      | Noticed p0werm0de's ghost (novice DsCK)
  8783 | D:7      | Found a staircase to the Ecumenical Temple.
  8793 | Temple   | Entered the Ecumenical Temple
 10150 | D:5      | Learned a level 5 spell: Blade Hands
 10265 | D:2      | Became a worshipper of Gozag Ym Sagoz the Greedy
 10473 | D:5      | Noticed Sigmund
 10484 | D:5      | Killed Sigmund
 10631 | D:5      | Killed Menkaure
 10631 | D:5      | Reached skill level 6 in Unarmed Combat
 10859 | D:7      | Killed p0werm0de's ghost
 11245 | D:7      | Reached XP level 10. HP: 58/58 MP: 12/16
 11286 | D:7      | Noticed a deep elf mage
 11299 | D:7      | Killed a deep elf mage
 11299 | D:7      | Reached skill level 7 in Unarmed Combat
 11403 | D:8      | Reached skill level 5 in Spellcasting
 11938 | D:8      | Noticed a two-headed ogre
 12131 | D:8      | Reached skill level 8 in Unarmed Combat
 12193 | D:8      | Killed a two-headed ogre
 12457 | D:8      | Noticed a two-headed ogre
 12471 | D:8      | Killed a two-headed ogre
 12496 | D:8      | Noticed an eight-headed hydra
 12696 | D:9      | Found a runed door.
 12696 | D:9      | Noticed a harpy
 12696 | D:9      | Noticed a six-headed hydra
 12696 | D:9      | Noticed a frost giant
 12704 | D:9      | Noticed a stone giant
 12704 | D:9      | Noticed a deep elf archer
 12825 | D:10     | Entered Level 10 of the Dungeon
 12882 | D:8      | Mangled by an eight-headed hydra

Vault maps used:
D:1:      lemuel_arrival_rhombus
D:2:      grunt_temple_overflow_gold_and_silver,
          nemelex_xobeh_ov_fountains_minmay, first_bread
D:4:      supply_closet_lemuel
D:5:      columned_hall_lemuel, uniq_sigmund, uniq_menkaure
D:6:      cheibrodos_steamvent, minmay_hedge_maze, amethyst_killhole,
          uniq_blork_the_orc
D:7:      minmay_temple_entry_trees, the_bakery, guppyfry_early_elven_hall
D:8:      wad_mini_maze
D:9:      minmay_gate_of_8, gammafunk_temple_overflow_claw
D:10:     hiddenorc2_lemuel, basic_altar
Temple:   nicolae_temple_elliptical

Skill      XL: |  1  2  3  4  5  6  7  8  9 10 |
---------------+-------------------------------+-----
Unarmed Combat | 4 5 6 8 |  8.0
Transmutations | 3 4 5 6 7 |  7.5
Poison Magic   | 2 4 6 7 |  7.5
Dodging        | 3 4 5 6 |  6.5
Spellcasting   | 4 6 |  6.9
Fighting       | 4 |  4.2

Action                   |  1- 3 |  4- 6 |  7- 9 | 10-12 || total
-------------------------+-------+-------+-------+-------++-------
Melee: Unarmed           |    55 |   138 |   402 |   133 ||   728
       Constrict         |    17 |    23 |    12 |     2 ||    54
       Kick              |    11 |    19 |     2 |       ||    32
       Tentacles         |    10 |    15 |    14 |     1 ||    40
       Punch             |     1 |     2 |     1 |       ||     4
Throw: Stone             |     2 |     6 |       |       ||     8
 Cast: Beastly Appendage |    22 |    28 |     5 |       ||    55
       Sticks to Snakes  |       |     5 |     1 |       ||     6
       Spider Form       |       |     5 |    43 |    14 ||    62
       Blade Hands       |       |       |     2 |       ||     2
Evoke: Wand              |       |       |     1 |       ||     1
  Use: Scroll            |     4 |     4 |     7 |       ||    15
       Potion            |       |       |     5 |       ||     5
 Stab: Sleeping          |     6 |     2 |       |       ||     8
       Distracted        |       |       |     1 |       ||     1
  Eat: Chunk             |     2 |    23 |    24 |       ||    49
       Royal jelly       |       |     1 |       |       ||     1
       Bread ration      |       |       |       |     1 ||     1
Armor: Skin              |     1 |     7 |    10 |     3 ||    21
Dodge: Dodged            |    24 |   102 |   368 |   234 ||   728
